Map: [ESL] Gresvan

Players

SCV

  • Race: Protoss Protoss
  • Spawn Location: 11:00

Oliveira - Winner!

  • Race: Terran Terran
  • Spawn Location: 5:00

Event: ESL SC2 Masters 2023 Summer (Regionals)

VOD

Have the link to the VOD?

Description

Time

  • Played on: May 2, 2023, 8:20 a.m.
  • Length: 9:06

All games in this series

Show
View Real Time Build Order
Export as new Build Order

SCV Protoss 

Build Orders: 1 Gate Expand, Blink Stalkers 

Get SALT Encoding   

  12  0:00  Probe  
  13  0:12  Probe  
  14  0:17  Pylon  
  14  0:24  Probe (Chrono Boost)  
  15  0:36  Probe (Chrono Boost)  
  15  0:39  Gateway  
  16  0:45  Probe (Chrono Boost)  
  16  0:46  Assimilator  
  17  0:51  Probe  
  18  1:03  Probe  
  19  1:15  Probe  
  20  1:26  Cybernetics Core  
  20  1:36  Nexus  
  20  1:37  Probe  
  21  1:42  Pylon  
  21  1:49  Probe  
  21  1:52  Assimilator  
  22  2:00  Adept (Chrono Boost)  
  22  2:01  Probe  
  22  2:03  Warp Gate  
  24  2:13  Probe  
  25  2:24  Adept (Chrono Boost)  
  25  2:25  Probe  
  28  2:31  Twilight Council  
  28  2:38  Probe (Chrono Boost)  
  29  2:44  Shield Battery  
  29  2:46  Adept  
  29  2:48  Probe (Chrono Boost)  
  33  2:55  Probe (Chrono Boost)  
  33  2:58  Probe (Chrono Boost)  
  34  3:02  Probe (Chrono Boost)  
  34  3:03  Probe (Chrono Boost)  
  34  3:05  Blink (Chrono Boost)  
  36  3:14  Probe  
  36  3:15  Probe  
  36  3:18  Gateway  
  38  3:26  Probe  
  39  3:27  Probe  
  39  3:29  Gateway  
  40  3:38  Probe, Pylon  
  40  3:39  Probe  
  42  3:50  Probe  
  42  3:51  Probe, Stalker  
  46  4:02  Probe, Pylon  
  47  4:03  Probe  
  48  4:11  Nexus  
  48  4:14  Probe  
  48  4:15  Probe  
  50  4:18  Stalker  
  50  4:21  Stalker  
  54  4:26  Assimilator  
  54  4:27  Probe x2  
  56  4:33  Pylon  
  56  4:38  Stalker  
  58  4:39  Probe x2  
  60  4:46  Stalker  
  60  4:51  Probe  
  60  4:52  Probe  
  64  4:56  Robotics Facility  
  64  4:58  Charge  
  64  4:59  Stalker  
  66  5:03  Probe  
  66  5:04  Probe  
  66  5:06  Pylon  
  68  5:09  Shield Battery  
  68  5:12  Sentry  
  70  5:23  Probe x2, Gateway  
  70  5:24  Stalker x2  
  76  5:35  Probe  
  66  5:42  Stalker  
  68  5:44  Probe (Chrono Boost)  
  68  5:47  Probe (Chrono Boost)  
  71  5:51  Gateway  
  71  5:52  Probe (Chrono Boost)  
  71  5:54  Observer (Chrono Boost), Robotics Bay  
  71  5:56  Probe (Chrono Boost)  
  74  6:00  Probe (Chrono Boost)  
  74  6:01  Gateway  
  74  6:02  Probe (Chrono Boost)  
  74  6:03  Probe (Chrono Boost)  
  76  6:08  Probe (Chrono Boost), Observer (Chrono Boost)  
  80  6:12  Probe (Chrono Boost)  
  80  6:14  Assimilator  
  80  6:15  Probe x2 (Chrono Boost)  
  80  6:17  Probe (Chrono Boost)  
  82  6:26  Pylon  
  82  6:29  Gateway  
  82  6:30  Stalker x4  
  82  6:32  Gateway  
  90  6:34  Probe, Pylon  
  91  6:40  Pylon  
  91  6:41  Disruptor (Chrono Boost)  
  94  6:47  Pylon  
  94  6:50  Nexus  
  94  6:55  Pylon  
  94  7:02  Zealot x4  
  94  7:04  Zealot  
  94  7:07  Pylon  
  104  7:12  Disruptor (Chrono Boost)  
  104  7:13  Zealot  
  106  7:22  Zealot x4  
  116  7:27  Zealot x3  
  98  7:39  Stalker  
  98  7:43  Stalker x4  
  92  7:49  Zealot x2  
  92  7:50  Stalker  
  71  8:01  Probe x2  
  71  8:02  Stalker  
  69  8:07  Stalker x2  
  69  8:08  Stalker x2  
  69  8:11  Zealot x2  
  78  8:19  Zealot  
  72  8:27  Zealot  
  72  8:31  Zealot x6  
  85  8:40  Stalker  
  73  8:49  Stalker  
  73  8:50  Shield Battery  
  73  8:51  Stalker x3  
  73  8:53  Zealot  
  71  8:58  Zealot x2  
Show
View Real Time Build Order
Export as new Build Order

Oliveira Terran - Winner!

Build Orders:  

Get SALT Encoding   

  12  0:00  SCV  
  13  0:12  SCV  
  14  0:17  Supply Depot  
  14  0:24  SCV  
  15  0:39  SCV  
  15  0:40  Barracks  
  16  0:45  Refinery  
  16  0:51  SCV  
  17  0:58  Barracks  
  17  1:03  SCV  
  18  1:15  SCV  
  19  1:27  Reaper  
  19  1:28  Orbital Command  
  19  1:31  Supply Depot  
  20  1:46  Reaper  
  21  1:53  SCV  
  22  2:06  SCV, Barracks Reactor  
  23  2:11  Command Center  
  23  2:18  SCV  
  23  2:19  Refinery  
  23  2:21  Barracks Tech Lab  
  24  2:30  SCV  
  25  2:41  Marine  
  25  2:42  SCV  
  25  2:43  Marine x2  
  29  2:47  Factory  
  29  2:49  Supply Depot  
  29  2:54  SCV  
  30  3:04  Marine  
  31  3:07  Stimpack  
  31  3:10  Marine x2  
  31  3:11  SCV  
  34  3:22  Marine  
  34  3:23  SCV  
  36  3:28  Marine x2  
  36  3:29  Orbital Command  
  38  3:34  Starport  
  38  3:36  Widow Mine  
  38  3:40  Marine  
  41  3:42  SCV  
  41  3:46  Marine  
  43  3:54  Bunker, Marine  
  43  3:55  SCV x2  
  46  3:58  Widow Mine  
  48  4:03  Supply Depot  
  48  4:04  Marine  
  48  4:07  SCV  
  48  4:09  SCV  
  51  4:13  Medivac  
  51  4:14  Marine  
  54  4:21  Supply Depot  
  54  4:24  Marine, Factory Tech Lab, SCV  
  54  4:25  Marine  
  54  4:28  SCV  
  58  4:34  Marine  
  58  4:36  Engineering Bay  
  59  4:39  SCV  
  59  4:43  Supply Depot  
  59  4:44  Siege Tank  
  63  4:47  Marine  
  63  4:48  Marine  
  63  4:49  Starport Reactor  
  63  4:50  SCV  
  66  4:57  Refinery  
  66  4:59  SCV  
  67  5:02  Barracks, SCV, Terran Infantry Weapons Level 1  
  67  5:06  Marine  
  69  5:11  SCV  
  69  5:12  Marine  
  69  5:13  Supply Depot  
  71  5:15  SCV  
  71  5:17  Marine  
  71  5:20  Siege Tank  
  72  5:31  Marine  
  72  5:33  SCV x2  
  70  5:39  Marine, Combat Shield  
  70  5:40  Marine  
  68  5:45  SCV x2  
  68  5:46  Starport Reactor, Refinery  
  70  5:51  Marine  
  70  5:53  Supply Depot  
  70  5:56  Siege Tank  
  74  5:57  SCV x2  
  74  5:58  Marine x2  
  74  6:01  Marine  
  80  6:09  SCV x2  
  80  6:10  Marauder  
  83  6:14  Supply Depot  
  83  6:15  Marine  
  83  6:16  Supply Depot  
  84  6:21  SCV  
  84  6:22  Medivac x2  
  84  6:23  SCV  
  84  6:24  Marine  
  91  6:27  Marine x2  
  93  6:35  Siege Tank  
  93  6:36  Marauder  
  98  6:45  Marine x2  
  98  6:46  Supply Depot  
  100  6:50  Marine x2  
  100  6:54  Medivac x2  
  104  6:57  Marine, SCV  
  108  7:02  Supply Depot  
  108  7:03  Marine x2  
  108  7:04  Terran Infantry Armor Level 1  
  108  7:08  Marine x2, SCV  
  113  7:14  Marine, Siege Tank  
  115  7:21  Marine x2  
  114  7:25  Marine  
  114  7:27  Marine  
  114  7:32  Marine  
  96  7:38  Marine x2  
  96  7:43  Marine  
  92  7:45  Marine  
  92  7:50  Marine  
  87  7:55  Siege Tank  
  87  7:56  Marine x2  
  86  8:01  Marine  
  86  8:03  Marine, SCV  
  86  8:05  Command Center  
  89  8:08  Marine  
  90  8:14  Barracks, Marine x2  
  90  8:17  Barracks  
  90  8:19  Marine  
  90  8:20  Marine  
  90  8:26  Marine  
  90  8:30  Siege Tank  
  90  8:32  Marine x2  
  90  8:33  SCV  
  96  8:37  Marine  
  96  8:38  Marine  
  95  8:43  Marine  
  92  8:51  Armory  
  92  8:52  Engineering Bay  
Tags
 
Add a new tag
Caveats
  • Supply blocks, unpowered buildings, or Contaminate may cause inaccurate times.
  • Supply counts are checked every 10 seconds.